Map: 2000 атмосфер РВ

Players

Doll - Winner!

  • Race: Protoss Protoss

ИИ 1 (ученик)

  • Race: Terran Terran

VOD

Have the link to the VOD?

Description

Time

  • Played on: June 15, 2021, 7:03 a.m.
  • Length: 8:41
Show
View Real Time Build Order
Export as new Build Order

Doll Protoss - Winner!

Build Orders:  

Get SALT Encoding   

  12  0:00  Probe  
  13  0:17  Probe, Pylon  
  14  0:29  Probe (Chrono Boost)  
  15  0:38  Gateway  
  15  0:41  Probe (Chrono Boost)  
  16  0:48  Probe (Chrono Boost), Pylon  
  17  0:58  Assimilator  
  17  0:59  Probe (Chrono Boost)  
  19  1:11  Probe (Chrono Boost)  
  19  1:15  Gateway  
  19  1:16  Probe (Chrono Boost)  
  20  1:25  Zealot  
  22  1:34  Cybernetics Core  
  22  1:45  Probe  
  23  1:55  Zealot  
  23  1:57  Probe  
  23  2:00  Assimilator  
  26  2:02  Zealot  
  28  2:11  Probe  
  29  2:21  Stargate  
  29  2:23  Probe  
  29  2:27  Pylon  
  30  2:36  Probe  
  31  2:45  Warp Gate  
  31  2:55  Nexus  
  31  2:57  Zealot  
  33  3:00  Probe (Chrono Boost)  
  34  3:08  Void Ray  
  34  3:12  Probe (Chrono Boost)  
  39  3:22  Pylon  
  39  3:31  Pylon  
  39  3:42  Robotics Facility  
  39  3:47  Twilight Council  
  39  3:50  Zealot  
  39  3:53  Probe  
  42  3:58  Void Ray  
  42  4:08  Probe (Chrono Boost)  
  48  4:18  Probe x2 (Chrono Boost)  
  48  4:21  Stalker  
  51  4:25  Probe  
  51  4:29  Observer  
  53  4:32  Probe  
  54  4:38  Probe  
  54  4:45  Gateway  
  55  4:46  Probe  
  55  4:47  Void Ray, Forge  
  56  4:57  Probe  
  61  5:01  Zealot  
  61  5:02  Probe  
  64  5:08  Stalker  
  66  5:15  Assimilator  
  66  5:16  Probe x2  
  66  5:17  Assimilator  
  68  5:28  Zealot  
  70  5:32  Robotics Bay  
  70  5:34  Pylon x2  
  70  5:43  Gateway  
  70  5:49  Gateway  
  70  5:51  Charge  
  70  5:55  Zealot x2  
  74  6:02  Sentry, Probe  
  74  6:03  Probe  
  78  6:09  Void Ray  
  78  6:12  Forge  
  78  6:17  Probe  
  83  6:19  Probe  
  83  6:24  Pylon  
  84  6:32  Probe, Pylon  
  85  6:33  Probe  
  86  6:46  Nexus  
  86  6:50  Stalker  
  88  7:00  Probe x2  
  90  7:09  Templar Archives  
  90  7:10  Stalker  
  90  7:11  Sentry  
  90  7:12  Sentry  
  90  7:13  Robotics Facility  
  90  7:14  Probe x2  
  98  7:19  Stalker  
  100  7:31  Stargate  
  100  7:34  Gateway  
  100  7:35  Probe x2  
Show
View Real Time Build Order
Export as new Build Order

ИИ 1 (ученик) Terran 

Build Orders:  

Get SALT Encoding   

  12  0:00  SCV  
  13  0:13  SCV  
  14  0:18  Supply Depot  
  14  0:25  SCV  
  15  0:39  SCV  
  16  0:43  Barracks  
  16  0:45  Refinery  
  16  1:09  Supply Depot  
  16  1:20  Refinery  
  16  1:29  Marine  
  16  1:32  Orbital Command  
  17  1:48  Barracks Tech Lab  
  17  1:57  SCV  
  18  2:06  Marine  
  19  2:09  SCV  
  19  2:11  Supply Depot  
  20  2:21  SCV  
  21  2:24  Marine  
  22  2:33  SCV  
  23  2:42  Marauder  
  25  2:46  SCV  
  26  2:58  SCV  
  27  3:04  Marauder  
  29  5:16  Reaper, SCV  
  29  5:17  Supply Depot  
  31  5:25  Factory  
  32  5:28  SCV  
  32  5:40  SCV  
  32  5:42  Supply Depot  
  33  5:48  Reaper  
  33  5:58  Command Center  
  27  6:12  Starport  
  27  6:20  Marine  
  28  6:38  Marine  
  29  6:50  Starport Tech Lab  
  29  6:55  Marine  
  30  7:08  Raven  
  32  7:11  SCV  
  32  7:13  Marine  
  34  7:16  SCV  
  34  7:20  Refinery  
  33  7:23  Refinery, SCV  
  33  7:28  SCV  
  32  7:32  Marauder  
  32  7:35  SCV  
  34  7:40  Hellion  
  24  7:48  SCV  
  24  7:51  Raven  
  24  7:55  Marine  
  20  8:00  SCV  
  9  8:12  SCV  
Tags
 
Add a new tag
Caveats
  • Supply blocks, unpowered buildings, or Contaminate may cause inaccurate times.
  • Supply counts are checked every 10 seconds.